AoeStats
← Herby

African Clearing

506304346Analyzed
4v4 RM · 19d ago on Sep 13, 2026· 30m 17s· 8 players
Game mode
Random Map
Map size
Large (8 player)
Population
200
Speed
Normal
Resources
Standard
Victory
Conquest
Starting age
Dark Age
Ending age
Imperial Age
RankedLock teamsTeams togetherTeam positionsShared explorationLock speedFull tech treeHidden civsTurbo modeCheats
Victory
Defeat
🇵🇪 Spanish · Peru
1462
+11
🇲🇽 Romans · Mexico
1409
+13
🇲🇽 Vietnamese · Mexico
1387
+14
🇨🇳 Dravidians · China
1276
+18
🇲🇽 Khitans · Mexico
1378
-16
🇻🇪 Bengalis · Venezuela
1361
-15
🇯🇵 Huns · Japan
1308
-13
🇲🇽 Mapuche · Mexico
1292
-12
:) YO30830
4:12 Loom
13:28 Feudal Age
13:53 Double-Bit Axe
18:37 Castle Age
18:47 Domestication
20:50 Light Cavalry
27:22 Bow Saw
Potro Occidental
12:16 Feudal Age
12:54 Double-Bit Axe
17:33 Loom
22:02 Castle Age
22:14 Light Cavalry
23:28 Bow Saw
26:36 Horse Collar
:) Tu tu ruuuu
3:03 Loom
13:17 Feudal Age
15:01 Double-Bit Axe
22:31 Castle Age
20:32 Fletching
21:59 Horse Collar
cupubangetz
13:47 Feudal Age
14:15 Double-Bit Axe
18:04 Castle Age
16:15 Horse Collar
16:46 Loom
17:01 Stone Mining
24:03 Scale Barding Armor
24:45 Fletching
25:55 Wheelbarrow
27:33 Wheelbarrow
Herby
6:21 Loom
13:22 Feudal Age
17:14 Castle Age
18:06 Double-Bit Axe
18:16 Gold Mining
20:25 Bow Saw
25:11 Ballistics
25:55 Wheelbarrow
[Pb] Komodo 3000
10:38 Loom
13:22 Feudal Age
17:37 Castle Age
16:56 Gold Mining
18:08 Double-Bit Axe
19:41 Scale Barding Armor
22:58 Bloodlines
25:17 Forging
Meliod27
8:24 Loom
14:59 Feudal Age
17:47 Double-Bit Axe
20:19 Castle Age
18:55 Town Watch
20:44 Fletching
23:11 Bodkin Arrow
29:44 Wheelbarrow
时大爷
11:29 Loom
14:18 Feudal Age
16:55 Fletching
16:52 Double-Bit Axe
19:45 Padded Archer Armor
29:41 Castle Age
30:58 Wheelbarrow
29:52 Crossbowman
30:38 Thumb Ring
Connection lost

Rejoining the realm…

Still unreachable

The connection could not be restored.

Session expired

The server has moved on; the page needs a fresh start.